 Dungeon Crawl Stone Soup version 0.22.1-2-g9c5b331 (webtiles) character file.

183 WarriorsX the Skirmisher (level 5, -1/69 HPs)
             Began as a Human Berserker on Dec 11, 2018.
             Was a Priest of Trog.
             Slain by Pikel
             ... wielding a +0 whip of freezing
              (3 damage)
             ... on level 3 of the Dungeon.
             The game lasted 00:05:10 (3266 turns).

WarriorsX the Skirmisher (Human Berserker)          Turns: 3266, Time: 00:05:10

Health: -1/69      AC:  5    Str: 23    XL:     5   Next: 94%
Magic:  5/5        EV: 11    Int:  8    God:    Trog [***...]
Gold:   225        SH:  0    Dex: 12    Spells: 4/4 levels left

rFire    + . .     SeeInvis .   a - +0 hand axe
rCold    . . .     Gourm    .   (no shield)
rNeg     . . .     Faith    .   q - +0 ring mail {rF+}
rPois    .         Spirit   .   (no helmet)
rElec    .         Reflect  .   (no cloak)
rCorr    .         Harm     .   (no gloves)
MR       .....                  (no boots)
Stlth    ..........             (no amulet)
HPRegen  0.21/turn              (no ring)
MPRegen  0.09/turn              (no ring)

@: berserking, very quick
A: no striking features
a: Berserk, Trog's Hand, Renounce Religion


You were on level 3 of the Dungeon.
You worshipped Trog.
Trog was most pleased with you.
You were very hungry.

You visited 1 branch of the dungeon, and saw 4 of its levels.

You collected 225 gold pieces.

Inventory:

Hand Weapons
 a - a +0 hand axe (weapon)
 s - a +3 quarterstaff of chaos
 u - a +0 trident of protection
Armour
 b - a +0 animal skin
 q - a +0 ring mail of fire resistance (worn)
 v - a cursed +0 cloak
Wands
 p - a wand of iceblast (7)
 y - a wand of polymorph (12)
Scrolls
 d - a scroll of immolation {unknown}
 e - 2 scrolls of amnesia {unknown}
 g - 2 scrolls of enchant weapon {unknown}
 h - 2 scrolls of magic mapping {unknown}
 i - 6 scrolls of identify {unknown}
 j - 5 scrolls of blinking {unknown}
 k - a scroll of enchant armour {unknown}
 m - a scroll of teleportation {unknown}
 n - 3 scrolls of remove curse {unknown}
 o - a scroll of noise {unknown}
 t - a scroll of random uselessness {unknown}
Potions
 f - a potion of curing {unknown}
 l - a potion of degeneration {unknown}
 r - a potion of cancellation {unknown}
 x - a potion of might {unknown}
Comestibles
 c - 3 rations


   Skills:
 + Level 6.1 Fighting
 - Level 3.0 Axes
 - Level 2.0 Armour
 - Level 2.0 Dodging


You had 4 spell levels left.
You didn't know any spells.
Your spell library was empty.

Dungeon Overview and Level Annotations

Branches:
Dungeon (4/15)
 Temple: D:4-7

Altars:

Annotations:
D:3 Pikel


Message History

A red film seems to cover your vision as you go berserk!
You feel yourself moving faster!
You feel mighty!
You are feeling very hungry.
The orc barely misses you. The slave closely misses you.
The slave hits you but does no damage.
You barely miss the orc. You hit the slave but do no damage.
You barely miss the slave. The orc hits you but does no damage.
The slave hits you.
* * * LOW HITPOINT WARNING * * *
The slave hits you.
* * * LOW HITPOINT WARNING * * *
You slash the orc!
You kill the orc!
Trog accepts your kill.
You slash the slave! x2
You completely miss Pikel. You barely miss the slave. You hit the slave.
The slave barely misses you. x2; Pikel hits you with a whip of freezing!
* * * LOW HITPOINT WARNING * * *
Pikel freezes you.
You die...

##§.....###.....## ##....#
#≈≈......###...#####
#.####
≈≈.......#.........# #.#
.........#.##.####.# #.#
....##..##.##.## #.# #.#
....#..###.#.#.###.# #.#
......## #..###.##.# #.#
......# #...#.p##.# #.#
......####.....K@p.# #.#
#..............#########.#
##############...........#
#############


You could see Pikel and 2 slaves.

Vanquished Creatures
  Crazy Yiuf (D:3)
  Ijyb (D:3)
  Terence (D:3)
  3 adders (D:3)
  2 worms (D:2)
  2 dart slugs
  3 leopard geckos
  5 orcs (D:3)
  13 bats
  3 giant cockroaches
  7 hobgoblins
  7 kobolds
  A ball python (D:3)
  6 frilled lizards
  5 goblins
  5 rats
65 creatures vanquished.

Notes
Turn   | Place    | Note
-------+----------+-------------------------------------------
     0 | D:1      | WarriorsX the Human Berserker began the quest for the Orb.
     0 | D:1      | Reached XP level 1. HP: 18/18 MP: 1/1
    86 | D:1      | Reached XP level 2. HP: 24/24 MP: 2/2
   390 | D:1      | Reached skill level 4 in Fighting
   390 | D:1      | Reached XP level 3. HP: 19/30 MP: 3/3
   620 | D:1      | Reached ** piety under Trog
   982 | D:2      | Found a faded altar of an unknown god.
  1414 | D:2      | Reached XP level 4. HP: 35/38 MP: 4/4
  2235 | D:3      | Reached skill level 5 in Fighting
  2322 | D:3      | Noticed Ijyb
  2346 | D:3      | Killed Ijyb
  2346 | D:3      | Reached XP level 5. HP: 34/44 MP: 5/5
  2440 | D:3      | Noticed Terence
  2454 | D:3      | Killed Terence
  2730 | D:3      | Reached *** piety under Trog
  3016 | D:3      | Found a runed door.
  3020 | D:3      | Noticed Crazy Yiuf
  3024 | D:3      | Killed Crazy Yiuf
  3024 | D:3      | Reached skill level 6 in Fighting
  3242 | D:4      | Noticed Pikel
  3243 | D:4      | Noticed a slave
  3250 | D:4      | Noticed a slave
  3260 | D:4      | Noticed a slave
  3266 | D:3      | HP: 2/69 [Pikel/whip of freezing (7)]
  3266 | D:3      | Slain by Pikel

Skill      XL: |  1  2  3  4  5 |
---------------+----------------+-----
Fighting       | 4 5 6 |  6.1
Axes           | |  3.0
Armour         | |  2.0
Dodging        | |  2.0

Action                   |  1- 3 |  4- 6 || total
-------------------------+-------+-------++-------
Melee: Hand axe          |   130 |   124 ||   254
Invok: Berserk           |     1 |     4 ||     5
 Stab: Sleeping          |     1 |     3 ||     4
  Eat: Chunk             |     2 |     9 ||    11
Armor: Animal skin       |    40 |    31 ||    71
       Ring mail         |       |    24 ||    24
Dodge: Dodged            |   109 |   118 ||   227
